 Dungeon Crawl Stone Soup version 0.30-a0-937-ga0a21ad780 (webtiles) character file.

Game seed: 11925825156322010915

64 Hades the Trooper (level 4, 0/40 HPs)
             Began as a Ghoul Monk on Mar 24, 2023.
             Slain by Terence
             ... wielding a +0 hand axe
              (1 damage)
             ... on level 2 of the Dungeon.
             The game lasted 00:06:31 (1748 turns).

Hades the Trooper (Ghoul Monk)                      Turns: 1748, Time: 00:06:32

Health: 0/40       AC:  8    Str: 16    XL:     4   Next: 12%
Magic:  4/4        EV:  7    Int:  5    God:
Gold:   88         SH:  0    Dex: 11    Spells: 4/4 levels left

rFire   . . .      SeeInvis .    a - +0 short sword
rCold   + . .      Faith    .    (no shield)
rNeg    + + +      Spirit   .    d - +0 chain mail
rPois   ∞          Reflect  .    (no helmet)
rElec   .          Rampage  .    (no cloak)
rCorr   .                        (no gloves)
Will    .....                    (no boots) Stlth
                                 (no amulet)
HPRegen 0.00/turn                (no ring)
MPRegen 0.09/turn                (no ring)

@: inhibited regen
A: claws 1, cold resistance 1, negative energy resistance 3, inhibited
regeneration, torment resistance 2, devour on kill
a: no special abilities


You were on level 2 of the Dungeon.
You visited 1 branch of the dungeon, and saw 2 of its levels.

You collected 88 gold pieces.

Inventory:

Hand Weapons
 a - a +0 short sword (weapon)
Armour
 b - a +0 robe
 d - a +0 chain mail (worn)
Scrolls
 e - a scroll of identify {unknown}
 f - a scroll of enchant weapon {unknown}
 g - a scroll of noise {unknown}
 h - a scroll of magic mapping
 j - 4 scrolls of teleportation {unknown}
Potions
 c - a potion of ambrosia
 k - a potion of invisibility {unknown}


   Skills:
 + Level 3.6 Fighting
 + Level 3.4 Short Blades
 + Level 0.9 Armour
 + Level 3.0 Dodging
 + Level 2.4 Stealth
 * Level 0.7 Spellcasting


You had 4 spell levels left.
You didn't know any spells.
Your spell library contained the following spells:

 Spells                   Type           Power      Damage    Failure   Level
 Sting                    Tmut/Pois      0%         1d3       100%        1
 Blink                    Tloc           0%         N/A       100%        2
 Lesser Beckoning         Tloc           0%         N/A       100%        2
 Momentum Strike          Conj/Tloc      0%         3d8       100%        2
 Poisonous Vapours        Pois/Air       0%         N/A       100%        2
 Olgreb's Toxic Radiance  Pois           0%         N/A       100%        4


Dungeon Overview and Level Annotations

Branches:
Dungeon (2/15)

Altars:

Shops:
D:2 =

Annotations:
D:2 Terence


Innate Abilities, Weirdness & Mutations

You are immune to poison.
You have sharp fingernails.
Your flesh is cold resistant. (rC+)
You are immune to negative energy. (rN+++)
You do not regenerate when monsters are visible.
You are immune to unholy pain and torment.
You thrive by killing the living.


Message History

You hit Terence but do no damage.
Terence is lightly wounded.
Terence hits you but does no damage.
You hit Terence.
Terence is moderately wounded.
You hit Terence but do no damage.
Terence is moderately wounded.
Terence hits you but does no damage.
You barely miss Terence.
Terence is moderately wounded.
Terence hits you with a +0 hand axe.
* * * LOW HITPOINT WARNING * * *
It was a potion of curing.
You feel better. Terence hits you but does no damage.
You hit Terence.
Terence is moderately wounded.
Terence hits you with a +0 hand axe.
* * * LOW HITPOINT WARNING * * *
You closely miss Terence.
Terence is moderately wounded.
Terence hits you with a +0 hand axe.
* * * LOW HITPOINT WARNING * * *
You barely miss Terence.
Terence is moderately wounded.
You closely miss Terence.
Terence is moderately wounded.
Terence hits you with a +0 hand axe.
* * * LOW HITPOINT WARNING * * *
You hit Terence but do no damage.
Terence is moderately wounded.
Terence hits you with a +0 hand axe.
* * * LOW HITPOINT WARNING * * *
You barely miss Terence.
Terence is moderately wounded.
Terence hits you with a +0 hand axe.
* * * LOW HITPOINT WARNING * * *
Terence shouts, "Get ready for death!"
You see here a +0 leather armour.
Terence hits you with a +0 hand axe.
You die...

## ########## *.
.........#### **.
###.#.......####### *,.
................@.# *,#
........#.#..####@# *,#
..)..##.#.#.#.###[# *,#
.##..##.#..###.##.######
#,#
.##..##.#.#.#..........#
*##.#
.##..##.#.##.#......##.#
*....
.##.........###.#.#.#*,*
*.###
.....##.#.###*#...#.#*,*
*,*
.##.###.#.#*,,.#.....,,*
*,*


You could see Terence.

Vanquished Creatures
  3 adders (D:2)
  A dart slug (D:2)
  3 endoplasms
  2 giant cockroaches (D:1)
  3 goblins
  3 hobgoblins
  A quokka (D:1)
  5 ball pythons
  5 bats
  2 frilled lizards
  2 kobolds
  7 rats
37 creatures vanquished.

Vanquished Creatures (others)
  61 plants (D:1)
61 creatures vanquished.

Grand Total: 98 creatures vanquished

Notes
Turn   | Place    | Note
-------+----------+-------------------------------------------
     0 | D:1      | Hades the Ghoul Monk began the quest for the Orb.
     0 | D:1      | Reached XP level 1. HP: 19/19 MP: 0/0
   441 | D:1      | Reached XP level 2. HP: 26/26 MP: 1/1
  1175 | D:2      | Reached XP level 3. HP: 8/31 MP: 2/2
  1504 | D:2      | Reached XP level 4. HP: 29/40 MP: 2/4
  1711 | D:2      | Found Bimeteg's One-of-a-Kind Rings.
  1714 | D:2      | Noticed Terence
  1741 | D:2      | HP: 2/40 [Terence/+0 hand axe (5)]
  1748 | D:2      | Slain by Terence

Illustrated notes

Levels and vault maps discovered:
D:1:      roderic_crop_circles_arrival_small, layout_loops_ring
D:2:      layout_loops_ring, chequers_serial_rivers_marsh,
          nicolae_shop_unique_rings, grunt_ministairs_15, st_stairs_10,
          uniq_terence

Skill      XL: |  1  2  3 |
---------------+----------+-----
Short Blades   | 3 |  3.4
Dodging        | 3 |  3.0
Fighting       | |  3.6
Armour         | |  0.9
Stealth        | |  2.4
Spellcasting   | |  0.7

Action                     |  1- 3 |  4- 6 || total
---------------------------+-------+-------++-------
  Melee: Short sword       |   267 |    54 ||   321
    Use: Scroll            |     1 |       ||     1
         Potion            |       |     1 ||     1
   Stab: Sleeping          |     2 |       ||     2
 Armour: Chain mail        |   115 |    38 ||   153
  Dodge: Dodged            |    62 |    11 ||    73

Table legend: (Time is in decaauts)
 A = Elapsed time spent in this place.
 B = Non-inter-level travel time spent in this place.
 C = Inter-level travel time spent in this place.
 D = Time resting spent in this place.
 E = Time spent auto-exploring this place.
 F = Levels seen in this place.
 G = Mean time per level.
                   A        B        C        D        E       F      G
               +--------+--------+--------+--------+--------+-----+--------+
         Total |   1707 |   1647 |     60 |     66 |      0 |   2 |  853.5 |
       Dungeon |   1707 |   1647 |     60 |     66 |      0 |   2 |  853.5 |
               +--------+--------+--------+--------+--------+-----+--------+

Top non-repeatable levels by time:
     D:1: 1022 daAuts
     D:2: 684 daAuts
